cohdb
Replays
Latest Replays
All Replays
Popular Replays
Top Player Replays
Match Explorer
How It Works
Community
CoH3 Stats
Reddit
Sign in to upload your games and track your stats! →
Sign in with Steam
Match 44529211
Unlisted
Match 44529211
Overview
Messages
Build Orders
End
Construct Barracks
1⁄4-ton 4x4 Truck
Riflemen Squad
Selects Armored Battlegroup
Selects Veteran Crews
Riflemen Squad
Riflemen Squad
Infantry Support Center
Selects Strength in Steel
M1918 Browning Automatic Rifles
Construct Motor Pool
M1 Anti-tank Gun Team
Grenade Package
Selects M8 Scott SPG
M8 Scott SPG
Survival Training
Engineer Squad
Munitions Surplus
M1 Anti-tank Gun Team
Scout Squad
M8 Scott SPG
Construct Medical Station
Riflemen Squad
Construct Weapon Support Center
M3 Armored Personnel Carrier
.30 cal Machine Gun
Andrax
jonafrag
Medic#2
Jarkke
0
0
Comments
sign in to comment!
No comments posted yet!